Description

The exact build order from Maru on IEM Katowice 2021. The match played: Maru v Reynor. Game 1 - Oxide LE Link for the replay: https://lotv.spawningtool.com/65313/

Replay - Maru v Reynor: Game 1 - Oxide LE

Build Order

Get SALT Encoding   

  12  0:00  SCV  
  13  0:12  SCV  
  14  0:17  Supply Depot  
  14  0:24  SCV  
  15  0:39  SCV  
  15  0:40  Barracks  
  16  0:44  Refinery  
  16  0:51  SCV  
  17  1:03  SCV  
  18  1:15  SCV  
  19  1:27  Marine, Orbital Command  
  20  1:38  Command Center  
  20  1:50  Factory  
  20  1:53  SCV  
  21  2:02  Barracks Reactor  
  21  2:06  SCV  
  22  2:10  Supply Depot  
  22  2:11  Refinery  
  22  2:18  SCV  
  23  2:32  SCV  
  24  2:38  Starport  
  24  2:39  Marine  
  24  2:40  Marine  
  24  2:43  Factory Tech Lab  
  24  2:44  SCV  
  27  2:50  Orbital Command  
  27  2:56  SCV  
  28  2:59  Marine x2  
  30  3:08  SCV  
  31  3:16  SCV  
  31  3:19  Cloaking Field  
  32  3:20  SCV, Banshee  
  32  3:21  Marine x2  
  38  3:27  Supply Depot  
  38  3:28  SCV  
  38  3:32  SCV  
  42  3:40  SCV  
  43  3:44  SCV, Marine x2  
  43  3:45  Factory Reactor  
  44  3:51  Supply Depot  
  44  3:52  SCV  
  45  3:56  SCV  
  45  4:00  Command Center  
  46  4:04  SCV  
  46  4:06  Banshee  
  50  4:10  SCV  
  50  4:16  Supply Depot  
  51  4:21  SCV  
  51  4:22  Hellion x2, SCV  
  57  4:25  Armory  
  57  4:28  Marine x2  
  59  4:34  SCV  
  59  4:35  Supply Depot  
  59  4:36  SCV  
  61  4:43  Supply Depot  
  61  4:46  Hellion x2  
  61  4:48  SCV  
  66  4:55  SCV  
  67  5:00  SCV  
  67  5:03  Marine, Stimpack  
  69  5:07  SCV  
  69  5:10  Starport Reactor, Barracks  
  69  5:13  SCV, Barracks  
  71  5:18  Refinery  
  71  5:19  Orbital Command  
  71  5:20  Refinery, Factory Tech Lab  
  71  5:23  SCV  
  71  5:27  Engineering Bay  
  71  5:28  Engineering Bay  
  72  5:29  SCV  
  73  5:36  SCV  
  73  5:41  SCV  
  73  5:42  Orbital Command  
  63  5:46  Marine  
  63  5:48  SCV, Siege Tank  
  66  5:53  SCV  
  66  5:55  Terran Infantry Armor Level 1, Terran Infantry Weapons Level 1  
  67  6:00  SCV  
  67  6:03  Barracks x2  
  68  6:04  Marine  
  68  6:05  SCV, Medivac x2  
  68  6:07  SCV  
  75  6:12  SCV  
  75  6:13  Supply Depot  
  75  6:15  Marine x3  
  75  6:17  Marine  
  80  6:20  SCV x2  
  82  6:26  Siege Tank  
  85  6:33  Marine x2  
  85  6:34  Marine x2  
  85  6:35  Marine, Supply Depot  
  85  6:39  SCV x2  
  93  6:40  SCV  
  93  6:42  Combat Shield, Medivac  
  95  6:49  Medivac  
  95  6:51  Marine x3  
  102  6:56  Barracks Reactor x2  
  102  6:57  SCV x3  
  103  7:05  Missile Turret  
  103  7:06  Missile Turret, Supply Depot  
  103  7:09  SCV x2, Supply Depot  
  103  7:10  Marine x2  
  103  7:11  Marine x2  
  103  7:14  Marine  
  113  7:22  Medivac  
  114  7:28  Marine x2  
  116  7:32  SCV  
  116  7:34  Siege Tank  
  116  7:35  Supply Depot, Command Center  
  117  7:39  Marine  
  117  7:40  Marine x2  
  112  7:45  Marine x2  
  112  7:46  Marine  
  112  7:47  SCV  
  112  7:50  Refinery  
  112  7:51  Refinery  
  116  7:55  Marine x3  
  116  7:57  Marine x2  
  116  7:58  Marine  
  122  7:59  SCV  
  122  8:02  SCV  
  122  8:03  Marine  
  125  8:05  SCV  
  125  8:07  Factory  
  125  8:11  Terran Infantry Weapons Level 2, Terran Infantry Armor Level 2, SCV  
  127  8:13  Siege Tank  
  127  8:16  Marine x5  
  133  8:21  Marine x2  
  133  8:23  Marine x2  
  137  8:32  Barracks  
  137  8:34  Marine x2  
  137  8:35  Barracks  
  137  8:36  Barracks, Medivac  
  141  8:42  Terran Vehicle Weapons Level 1  
  141  8:43  Supply Depot  
  141  8:44  Supply Depot  
  141  8:47  Medivac  
  143  8:50  SCV x2  
  143  8:51  SCV  
  143  8:52  Factory Tech Lab  
  146  8:56  Sensor Tower  
  146  8:57  Supply Depot  
  146  9:01  Siege Tank, Marine  
  146  9:02  Marine x3, Marauder  
  155  9:03  Marine  
  155  9:04  Marine x3  
  155  9:09  SCV x2  
  161  9:17  Siege Tank  
  161  9:19  Marine  
  162  9:27  Command Center  
  162  9:30  Barracks Tech Lab x3  
  162  9:31  Supply Depot  
  160  9:33  Siege Tank  
  160  9:37  Factory  
  163  9:40  Planetary Fortress, SCV  
  163  9:41  SCV x2  
  166  9:47  Supply Depot  
  166  9:48  Marine x3, Marauder  
  166  9:49  Siege Tank, Marauder  
  177  9:52  SCV  
  177  9:59  Command Center  
Spawning Tool Build Advisor. Get it on Overwolf

Analysis

SCV's are kept in the build order for reminding you to build workers constantly.

Go to:

Details

  • Created by: dezea
  • Published on: Mar 05, 2021
  • Modified on: Mar 05, 2021
  • Patch: 4.11.0
  • Difficulty: Medium
Show
View Real Time Build Order
Export as new Build Order

Comments (0)

There are no comments. Be the first!

Create an account to comment!